 Dungeon Crawl Stone Soup version 0.25.1-9-gc5326a611f (webtiles) character file.

Game seed: 11397557820524051233

174 tkbsonic5 the Vandal (level 5, 0/39 HPs)
             Began as a Human Hunter on Nov 27, 2021.
             Slain by a phantom (2 damage)
             ... on level 4 of the Dungeon.
             The game lasted 00:04:07 (1388 turns).

tkbsonic5 the Vandal (Human Hunter)                 Turns: 1388, Time: 00:04:08

Health: 0/39       AC:  4    Str: 13    XL:     5   Next: 84%
Magic:  5/5        EV: 13    Int: 11    God:
Gold:   51         SH:  5    Dex: 14    Spells: 4/4 levels left

rFire    . . .     SeeInvis .   a - +1 hunting sling
rCold    . . .     Gourm    .   (no shield)
rNeg     . . .     Faith    .   c - +0 leather armour
rPois    .         Spirit   .   (no helmet)
rElec    .         Reflect  +   (no cloak)
rCorr    .         Harm     .   (no gloves)
MR       .....                  i - +0 pair of boots
Stlth    ++........             m - amulet of reflection
HPRegen  0.13/turn              (no ring)
MPRegen  0.09/turn              (no ring)

@: stab
A: no striking features
a: no special abilities


You were on level 4 of the Dungeon.
You were not hungry.

You visited 1 branch of the dungeon, and saw 3 of its levels.

You collected 51 gold pieces.

Inventory:

Hand Weapons
 a - a +1 hunting sling (weapon)
 b - a +0 short sword
Missiles
 e - 24 stones (quivered)
Armour
 c - a +0 leather armour (worn)
 i - a +0 pair of boots (worn)
Jewellery
 m - an amulet of reflection (around neck)
Scrolls
 g - 2 scrolls of remove curse
 k - a scroll of teleportation {unknown}
Comestibles
 f - 2 rations
 h - 10 chunks of flesh


   Skills:
 + Level 2.7 Fighting
 * Level 4.8 Slings
 * Level 3.4 Dodging
 * Level 3.0 Stealth


You had 4 spell levels left.
You didn't know any spells.
Your spell library was empty.

Dungeon Overview and Level Annotations

Branches:
Dungeon (2/15)

Altars:


Message History

Aim: a worker ant (moderately wounded)
You shoot a stone. The stone hits the phantom.
The phantom is almost destroyed.
You block the worker ant's attack. The phantom hits you!
The worker ant bites you but does no damage.
You are too injured to fight recklessly!
You are too injured to fight recklessly!
Unknown command.
It was a potion of stabbing.
You feel ready to backstab. The phantom hits you!
* * * LOW HITPOINT WARNING * * *
The worker ant bites you.
* * * LOW HITPOINT WARNING * * *
Okay, then.
As you read the scroll labeled ANANOQ SUYNIAJ, it crumbles to dust.
It is a scroll of identify.
g - 2 scrolls of remove curse The phantom hits you.
You die...

######.# #.........
.......###.########
. ..........## ..
##...#.## .##
###...# .(. #..## .
#.# ###..#
....##a##...(#
.(....(@W...(#
............##
#############


You could see a phantom and a worker ant.

Vanquished Creatures
  An ogre (D:2)
  A worker ant (D:4)
  3 gnolls (D:2)
  A worm (D:2)
  A dart slug (D:4)
  3 leopard geckos
  A bat (D:1)
  A giant cockroach (D:1)
  6 goblins
  2 hobgoblins
  4 jackals (D:4)
  4 kobolds
  A ball python (D:1)
  A frilled lizard (D:2)
  3 rats
33 creatures vanquished.

Notes
Turn   | Place    | Note
-------+----------+-------------------------------------------
     0 | D:1      | tkbsonic5 the Human Hunter began the quest for the Orb.
     0 | D:1      | Reached XP level 1. HP: 16/16 MP: 1/1
     3 | D:1      | Noticed an electric eel
     3 | D:1      | Noticed an electric eel
   177 | D:1      | Reached XP level 2. HP: 22/22 MP: 2/2
   863 | D:2      | Reached XP level 3. HP: 27/27 MP: 3/3
   872 | D:2      | Reached XP level 4. HP: 20/34 MP: 4/4
  1237 | D:2      | Noticed an ogre
  1241 | D:2      | Killed an ogre
  1241 | D:2      | Reached XP level 5. HP: 39/39 MP: 5/5
  1314 | D:2      | You fall into a shaft and drop 2 floors!
  1357 | D:4      | Noticed a phantom
  1388 | D:4      | Slain by a phantom

Illustrated notes

Levels and vault maps discovered:
D:1:      arrival_aquarium_b, layout_loops_ring
D:2:      layout_basic, first_ration
D:4:      layout_loops_ring, grunt_temple_overflow_open,
          ashenzari_conservatory_becter, lemuel_crystal_altar,
          minmay_temple_entry_nine_rooms, serial_glass, glass_columns_b,
          glass_columns_a, minmay_ruptured

Skill      XL: |  1  2  3  4  5 |
---------------+----------------+-----
Stealth        | 2 3 |  3.0
Dodging        | 3 |  3.4
Fighting       | |  2.7
Slings         | |  4.8

Action                   |  1- 3 |  4- 6 || total
-------------------------+-------+-------++-------
Melee: Short sword       |    14 |       ||    14
 Fire: Hunting sling     |    40 |    65 ||   105
  Use: Scroll            |       |     1 ||     1
       Potion            |       |     1 ||     1
  Eat: Chunk             |       |     1 ||     1
Armor: Leather armour    |     6 |     4 ||    10
Dodge: Dodged            |    13 |    12 ||    25
Block: Other             |       |     3 ||     3
